 Dungeon Crawl Stone Soup version 0.29.1-1-gd02db6906a (webtiles) character file.

Game seed: 4318766306693852977

996 EvilAshe the Frost Mage (level 8, 0/42 HPs)
             Began as a Gargoyle Ice Elementalist on Sept 23, 2022.
             Was a Follower of Sif Muna.
             Killed from afar by a white imp (13 damage)
             ... with a puff of frost
             ... on level 6 of the Dungeon.
             The game lasted 00:21:13 (7121 turns).

EvilAshe the Frost Mage (Gargoyle Ice Elementalist) Turns: 7121, Time: 00:21:15

Health: 0/42       AC:  9    Str: 11    XL:     8   Next: 19%
Magic:  15/15      EV: 12    Int: 22    God:    Sif Muna [*.....]
Gold:   352        SH:  0    Dex: 10    Spells: 8/16 levels left

rFire   . . .      SeeInvis .   h - +0 mace
rCold   . . .      Faith    .   (no shield)
rNeg    + . .      Spirit   .   g - +0 leather armour
rPois   ∞          Reflect  .   r - +0 helmet {Int+3}
rElec   +          Harm     .   (no cloak)
rCorr   .          Rampage  .   (no gloves)
Will    .....                   (no boots)
Stlth   ++........              (no amulet)
HPRegen 0.14/turn               (no ring)
MPRegen 0.14/turn               (no ring)

@: mighty
A: sickness immunity, AC +5, negative energy resistance 1, electricity
resistance, torment resistance 1, petrification resistance
a: Renounce Religion, Channel Magic


You were on level 6 of the Dungeon.
You worshipped Sif Muna.
Sif Muna was aware of your devotion.
You visited 1 branch of the dungeon, and saw 7 of its levels.

You collected 391 gold pieces.
You spent 39 gold pieces at shops.

Inventory:

Hand Weapons
 h - a +0 mace (weapon)
Missiles
 c - 7 boomerangs
 t - 7 poisoned darts (quivered)
 x - a throwing net
Armour
 g - a +0 leather armour (worn)
 r - a +0 helmet of intelligence (worn)
Wands
 s - a wand of quicksilver (7)
Scrolls
 d - 2 scrolls of identify
 i - a scroll of blinking
 j - a scroll of amnesia
 k - a scroll of magic mapping {unknown}
 l - 3 scrolls of vulnerability
 n - 3 scrolls of teleportation
 o - a scroll of enchant weapon {unknown}
 p - a scroll of acquirement {unknown}
 q - a scroll of immolation
 y - a scroll of poison {unknown}
 C - a scroll of fog {unknown}
Potions
 b - a potion of magic
 e - a potion of might
 f - 6 potions of curing
 m - a potion of flight
 u - a potion of ambrosia
 w - 2 potions of attraction
 z - a potion of brilliance
 A - a potion of mutation
 B - a potion of lignification


   Skills:
 + Level 0.5 Fighting
 + Level 3.1 Dodging
 - Level 2.1 Stealth
 + Level 4.8 Spellcasting
 + Level 0.5 Conjurations
 + Level 8.0 Ice Magic


You had 8 spell levels left.
You knew the following spells:

 Your Spells              Type           Power      Damage    Failure   Level
a - Freeze                Ice            100%       1d11      1%          1
b - Frozen Ramparts       Ice            80%        1d13      1%          3
c - Hailstorm             Conj/Ice       24%        3d7       22%         4

Your spell library contained the following spells:

 Spells                   Type           Power      Damage    Failure   Level
 Ozocubu's Armour         Ice            40%        N/A       1%          3
 Ensorcelled Hibernation  Hex/Ice        46%        N/A       4%          2
 Beastly Appendage        Tmut           10%        N/A       14%         1
 Slow                     Hex            20%        N/A       14%         1
 Wereblood                Tmut           5%         N/A       21%         2
 Confusing Touch          Hex            5%         N/A       38%         3
 Spider Form              Tmut/Pois      5%         N/A       38%         3
 Vampiric Draining        Necr           5%         2d6       38%         3
 Anguish                  Hex/Necr       2%         N/A       80%         4


Dungeon Overview and Level Annotations

Branches:
Dungeon (7/15)             Temple (0/1) D:4

Altars:
Ru
Sif Muna
Uskayaw
Wu Jian
Yredelemnul

Shops:
D:3 !   D:6 (


Innate Abilities, Weirdness & Mutations

You are immune to sickness and miasma.
Your stone body is resilient. (AC +5)
You are immune to poison.
You resist negative energy. (rN+)
You are resistant to electric shocks. (rElec)
You are resistant to unholy torment.
You are immune to petrification.


Message History

Press: ? - help, Shift-Dir - straight line, f/p - white imp
Aim: a white imp (moderately wounded, 68% to hit)
The puff of flame misses the white imp.
The white imp hits you but does no damage.
Aiming: Throw Flame
Press: ? - help, Shift-Dir - straight line, f/p - white imp
Aim: a white imp (moderately wounded, 68% to hit)
The puff of flame hits the white imp but does no damage.
The white imp is moderately wounded.
The now-empty wand crumbles to dust.
The white imp gestures at you. The puff of frost misses you.
No previous command to re-do.
You barely miss the white imp.
The white imp is moderately wounded.
The white imp gestures at you. The puff of frost hits you.
You feel very mighty all of a sudden. The white imp hits you.
The white imp freezes you.
* * * LOW HITPOINT WARNING * * *
You closely miss the white imp.
The white imp is moderately wounded.
The white imp hits you but does no damage. x2
You barely miss the white imp.
The white imp is moderately wounded.
The white imp hits you but does no damage.
You barely miss the white imp.
The white imp is moderately wounded.
The white imp hits you but does no damage.
You barely miss the white imp.
The white imp is moderately wounded.
The white imp barely misses you. The white imp misses you.
You hit the white imp.
The white imp is severely wounded.
The white imp hits you but does no damage.
You closely miss the white imp.
The white imp is severely wounded.
The white imp gestures at you. The puff of frost hits you!
You die...

..........###.###
..........+..∩..'
..........###.###
###########+##'###
#.# #
...............#
#+# #
...............# .
..........$....#
##
...............#
......5@.......#
...............#
...............#
################


You could see a white imp.

Vanquished Creatures
  2 ice beasts (D:5)
  2 ogres
  A necrophage (D:4)
  A scorpion (D:6)
  A howler monkey (D:5)
  3 hounds (D:5)
  An orc priest (D:4)
  A gnoll bouda (D:4)
  An iguana (D:5)
  15 adders
  7 gnolls
  A shadow imp (D:6)
  2 white imps
  3 worms
  3 dart slugs
  6 orcs
  6 ball pythons
  7 bats
  2 endoplasms
  8 giant cockroaches
  5 goblins
  5 hobgoblins
  5 quokkas
  2 frilled lizards
  7 kobolds
  12 rats
109 creatures vanquished.

Vanquished Creatures (others)
  3 plants (D:4)
  11 toadstools (D:6)
14 creatures vanquished.

Grand Total: 123 creatures vanquished

Notes
Turn   | Place    | Note
-------+----------+-------------------------------------------
     0 | D:1      | EvilAshe the Gargoyle Ice Elementalist began the quest for
                  | the Orb.
     0 | D:1      | Reached XP level 1. HP: 10/10 MP: 3/3
   169 | D:1      | Reached XP level 2. HP: 15/15 MP: 1/5
   793 | D:1      | Found a faded altar of an unknown god.
   992 | D:2      | Found a sacrificial altar of Ru.
  1024 | D:2      | Reached XP level 3. HP: 18/19 MP: 2/6
  1028 | D:2      | Learned a level 3 spell: Frozen Ramparts
  1152 | D:3      | Noticed an ogre
  1810 | D:2      | Reached skill level 5 in Ice Magic
  1909 | D:3      | Reached XP level 4. HP: 22/24 MP: 2/8
  2015 | D:4      | Noticed an ogre
  2288 | D:3      | Found a shimmering blue altar of Sif Muna.
  2292 | D:3      | Became a worshipper of Sif Muna the Loreminder
  2475 | D:3      | Reached XP level 5. HP: 21/28 MP: 6/9
  2925 | D:3      | Found a hide-covered altar of Uskayaw.
  3335 | D:3      | Found Emuqae's Distillery.
  3340 | D:3      | Bought a potion of curing for 39 gold pieces
  3500 | D:4      | Found a staircase to the Ecumenical Temple.
  3553 | D:5      | Entered Level 5 of the Dungeon
  3563 | D:5      | Reached skill level 6 in Ice Magic
  3635 | D:4      | Found a basalt altar of Yredelemnul.
  3736 | D:3      | Killed an ogre
  3737 | D:3      | Reached XP level 6. HP: 4/32 MP: 6/11
  4026 | D:3      | Found an ornate altar of the Wu Jian Council.
  4318 | D:4      | HP: 1/32 [white imp (4)]
  4924 | D:4      | Identified the +1 dagger of the Shifting Firefly
                  | {antimagic, rN+ Str-5 Int+2}
  5267 | D:4      | Reached skill level 7 in Ice Magic
  5267 | D:4      | Reached XP level 7. HP: 36/36 MP: 7/13
  6325 | D:5      | Reached * piety under Sif Muna
  6418 | D:5      | Reached skill level 8 in Ice Magic
  6418 | D:5      | Reached XP level 8. HP: 41/41 MP: 13/15
  6423 | D:5      | Learned a level 4 spell: Hailstorm
  7078 | D:6      | Found Guh Vau's Weapon Shop.
  7121 | D:6      | Killed from afar by a white imp

Illustrated notes

Levels and vault maps discovered:
D:1:      ncdulo_smallfort, layout_loops_ring,
          dreamdust_ecumenical_altar_angels_and_demons
D:2:      layout_loops_cross, basic_altar, minmay_rat_gold_closets
D:3:      layout_loops_ring, general_overflow_altar, nzn_wu_jian_council_hall,
          marbit_many_paths, serial_shops, nicolae_shop_hallway_stairs
D:4:      layout_gridville, nicolae_overflow_crystal_walls,
          minmay_temple_entry_gardened_gates, minmay_vboxes
D:5:      layout_basic
D:6:      layout_gridville, tgw_fedhas, serial_shops, nicolae_shop_hallway_plus,
          roderic_serpentine_path, amcnicky_mini_pool_small, uniq_grinder,
          uniq_pikel, uniq_blork_the_orc
D:7:      layout_rooms, ashenzari_conservatory_becter, uniq_maggie

Skill      XL: |  1  2  3  4  5  6  7 |
---------------+----------------------+-----
Ice Magic      | 5 6 7 8 |  8.0
Spellcasting   | 3 4 |  4.8
Dodging        | 2 3 |  3.1
Fighting       | |  0.5
Stealth        | |  2.1
Conjurations   | |  0.5

Action                   |  1- 3 |  4- 6 |  7- 9 || total
-------------------------+-------+-------+-------++-------
Melee: Unarmed           |     3 |       |       ||     3
       Mace              |    17 |    30 |    32 ||    79
Throw: Dart              |       |     8 |    11 ||    19
       Boomerang         |       |     6 |     5 ||    11
 Cast: Freeze            |    53 |    75 |    46 ||   174
       Frozen Ramparts   |       |     3 |     1 ||     4
Evoke: Wand              |       |       |    14 ||    14
  Use: Scroll            |       |       |    13 ||    13
       Potion            |       |       |     1 ||     1
 Stab: Sleeping          |     5 |       |     1 ||     6
Armor: Robe              |     7 |       |       ||     7
       Leather armour    |    13 |    44 |    27 ||    84
Dodge: Dodged            |    38 |    45 |    44 ||   127
